 Dungeon Crawl Stone Soup version 0.29.1-15-g9cfb28693d (webtiles) character file.

Game seed: 10226249324983788943

66576 tkbsonic5 the Demolition Demonspawn (level 14, -12/116 HPs)
             Began as a Demonspawn Wanderer on July 10, 2023.
             Was an Elder of Makhleb.
             Mangled by a skeletal warrior
             ... wielding a +0 halberd
              (15 damage)
             ... on level 13 of the Dungeon on July 22, 2023.
             The game lasted 01:22:41 (27691 turns).

tkbsonic5 the Demolition Demonspawn (DsWn)         Turns: 27691, Time: 01:22:41

Health: -12/116    AC: 28    Str: 22    XL:     14   Next: 79%
Magic:  0/24       EV:  5    Int: 10    God:    Makhleb [****..]
Gold:   981        SH:  5    Dex: 12    Spells: 15/15 levels left

rFire   . . .      SeeInvis +   g - +0 broad axe (vamp) {OnlyThingINeed}
rCold   + . .      Faith    .   y - +0 buckler
rNeg    . . .      Spirit   +   o - +1 crystal plate armour
rPois   .          Reflect  .   b - +2 helmet
rElec   +          Harm     .   I - scarf {repulsion}
rCorr   .          Rampage  .   t - +0 pair of gloves of Stoicism {rElec Str+2, jazz hands}
Will    ++...      Rage     3%  (no boots)
Stlth   ..........              (no amulet)
HPRegen 0.29/turn               d - ring of see invisible
MPRegen 0.38/turn               f - +4 ring of slaying

@: repel missiles
A: icy blue scales 3, foul stench 1, magic shield, magic regeneration, magic
link, weakness stinger 1, berserk 1, dopey 1, strong-willed 1
a: Renounce Religion, Minor Destruction, Lesser Servant of Makhleb, Major
Destruction


You were on level 13 of the Dungeon.
You worshipped Makhleb.
Makhleb was greatly pleased with you.
You visited 2 branches of the dungeon, and saw 18 of its levels.

You collected 1269 gold pieces.
You spent 288 gold pieces at shops.

Inventory:

Hand Weapons
 g - a +0 vampiric broad axe (weapon) {OnlyThingINeed}
 k - a +2 vampiric spear
 x - a +0 war axe of freezing
Missiles
 v - 22 poisoned darts
Armour
 b - a +2 helmet (worn)
 o - a +1 crystal plate armour (worn)
 t - the +0 pair of gloves of Stoicism (worn) {rElec Str+2, jazz hands}
   (You found it on level 3 of the Dungeon)

   Str:       It affects your strength (+2).
   rElec:     It insulates you from electricity.
 y - a +0 buckler (worn)
 A - a +3 leather armour of poison resistance
 E - a +0 kite shield
 I - a scarf of repulsion (worn)
Magical Staves
 e - a staff of poison
 r - a staff of death
 O - a staff of cold
Jewellery
 a - the ring "Karpho Vati" {Ice Will+ Str+3 Int+4 Dex+2}
   (You found it on level 1 of the Lair of Beasts)

   [ring of ice]

   It enhances your ice magic.
   Str:       It affects your strength (+3).
   Int:       It affects your intelligence (+4).
   Dex:       It affects your dexterity (+2).
   rF:        It makes you vulnerable to fire.
   rC:        It protects you from cold.
   Will:      It increases your willpower.
 d - a ring of see invisible (left hand)
 f - a +4 ring of slaying (right hand)
 n - a ring of flight
 q - a +6 ring of intelligence
 C - a +6 ring of intelligence
Wands
 K - a wand of digging (1)
Scrolls
 i - 5 scrolls of teleportation
 j - 8 scrolls of identify
 p - a scroll of magic mapping
 s - a scroll of summoning
 u - a scroll of poison
 w - a scroll of fog
 H - 2 scrolls of silence
Potions
 c - a potion of resistance
 h - a potion of lignification
 l - a potion of curing
 z - 3 potions of ambrosia
 B - a potion of brilliance


   Skills:
 * Level 12.5 Fighting
 - Level 1.1 Long Blades
 * Level 4.5(9.4) Axes
 - Level 12.8(13.1) Polearms
 - Level 0.1(8.1) Staves
 - Level 5.0 Throwing
 + Level 7.6 Armour
 - Level 5.5 Dodging
 - Level 2.8 Stealth
 * Level 6.2 Shields
 - Level 1.1 Spellcasting
 - Level 1.1 Ice Magic
 + Level 14.0 Invocations
 - Level 7.3 Evocations


You had 15 spell levels left.
You didn't know any spells.
Your spell library contained the following spells:

 Spells                   Type           Power      Damage    Failure   Level
 Beastly Appendage        Tmut           0%         N/A       100%        1
 Freeze                   Ice            8%         1d3       100%        1
 Shock                    Conj/Air       0%         1d3       100%        1
 Poisonous Vapours        Pois/Air       0%         N/A       100%        2
 Wereblood                Tmut           0%         N/A       100%        2
 Dazzling Flash           Conj/Hex       0%         N/A       100%        3
 Frozen Ramparts          Ice            4%         1d1       100%        3
 Gell's Gravitas          Tloc           0%         N/A       100%        3
 Lesser Beckoning         Tloc           0%         N/A       100%        3
 Ozocubu's Armour         Ice            2%         N/A       100%        3
 Spider Form              Tmut/Pois      0%         N/A       100%        3
 Teleport Other           Tloc           0%         N/A       100%        3
 Hailstorm                Conj/Ice       1%         3d3       100%        4
 Ice Form                 Ice/Tmut       1%         N/A       100%        4
 Iskenderun's Mystic Bla  Conj/Tloc      0%         2d3       100%        4
 Summon Ice Beast         Ice/Summ       1%         N/A       100%        4
 Blade Hands              Tmut           0%         N/A       100%        5
 Fireball                 Conj/Fire      0%         3d3       100%        5
 Summon Forest            Summ/Tloc      0%         N/A       100%        5
 Summon Mana Viper        Hex/Summ       0%         N/A       100%        5
 Starburst                Conj/Fire      0%         6d3       100%        6
 Summon Cactus Giant      Summ           0%         N/A       100%        6
 Storm Form               Tmut/Air       0%         N/A       100%        7
 Ignition                 Fire           0%         3d3       100%        8


Dungeon Overview and Level Annotations

Branches:
Dungeon (13/15)            Temple (0/1) D:4            Lair (5/5) D:11
  Swamp (0/4) Lair:2        Snake (0/4) Lair:2        Slime (0/5) Lair:5
    Orc (0/2) D:12
 Vaults: D:13-14

Altars:
Hepliaklqana
Kikubaaqudgha
Makhleb
Nemelex Xobeh
Qazlal
Wu Jian
Xom
Yredelemnul

Shops:
D:6 !

Annotations:
D:9 1 runed translucent door
D:13 1 runed translucent door
Lair:1 Ifawnoum's ghost, journeyman MiFi
Lair:5 3 runed translucent doors, Kelyas's ghost, journeyman DsCj; Qeimiotua's ghost, journeyman MiFi; tkbsonic5's ghost, journeyman HOBe


Innate Abilities, Weirdness & Mutations

You are completely covered in icy blue scales. (AC +4, rC+)
You may rarely emit foul miasma when damaged in melee.
When hurt, damage is shared between your health and your magic reserves.
You regenerate magic rapidly.
When low on magic, you restore magic in place of health.
You have a small tail.
You sometimes lose your temper in combat.
You are dopey. (Int -2)
You are strong-willed. (Will+)


Message History

You tail-slap the skeletal warrior, but do no damage.
The skeletal warrior is moderately damaged.
You closely miss the skeletal warrior.
The skeletal warrior hits you with a +0 mace of protection!
The skeletal warrior hits you with a +0 halberd!!
You catch the helpless skeletal warrior completely off-guard!
You slash the skeletal warrior!
The skeletal warrior is moderately damaged.
You barely miss the skeletal warrior.
The skeletal warrior hits you with a +0 mace of protection!
The skeletal warrior completely misses you.
The skeletal warrior is no longer blind.
The skeletal warrior hits you with a +0 halberd!
There is a stone staircase leading up here.
You hit the skeletal warrior but do no damage.
You tail-slap the skeletal warrior!
The skeletal warrior is severely damaged.
You hit the skeletal warrior.
The skeletal warrior hits you with a +0 halberd!
The skeletal warrior hits you with a +0 mace of protection.
* * * LOW HITPOINT WARNING * * *
You barely miss the skeletal warrior.
The skeletal warrior is severely damaged.
You barely miss the skeletal warrior.
The skeletal warrior hits you with a +0 mace of protection!
* * * LOW HITPOINT WARNING * * *
You emit a cloud of foul miasma!
The skeletal warrior hits you with a +0 halberd!
* * * LOW HITPOINT WARNING * * *
As you read the scroll of summoning, it crumbles to dust.
Wisps of shadow whirl around you...
The skeletal warrior hits you with a +0 mace of protection!
* * * LOW HITPOINT WARNING * * *
The skeletal warrior hits you but does no damage.
You swap places.
Your harpy claws the skeletal warrior but does no damage.
Your harpy closely misses the skeletal warrior.
The skeletal warrior hits your cyclops with a +0 mace of protection!
The skeletal warrior hits you from afar with a +0 halberd!
You die...

#...........
+###..........
#..........
#..........
#..........
#.......... ###
#........))
##.#########.......)†.
#...C@.........).))...
##...C.........)).....
##.zz)o..............
#.oHo..........(.[..
#.o.##..............
#...#.......>.......
##.>................
#..#......#........
#..#......##.......


You could see 2 skeletal warriors, 2 friendly cyclopes, a friendly harpy
(summoned), a friendly orc priest (summoned), a friendly orc wizard (summoned)
and 2 friendly orcs.

Vanquished Creatures
  An azure jelly (shapeshifter) (D:13)
  Snorg (D:12)
  Fannar (D:11)
  2 boulder beetles
  2 centaur warriors
  2 hydras
  A two-headed ogre (D:8)
  2 tengu warriors (D:13)
  A swamp dragon (D:8)
  2 skeletal warriors
  A wizard (D:10)
  2 bog bodies (Lair:2)
  A lindwurm (Lair:5)
  A deep elf pyromancer (D:10)
  A necromancer (Lair:2)
  A deep elf zephyrmancer (D:10)
  2 oklob plants (Lair:3)
  An ugly thing (D:12)
  A cyclops (D:13)
  Maurice (D:8)
  10 black mambas
  11 elephants
  A torpor snail (Lair:4)
  Maggie (D:7)
  13 cane toads
  3 rime drakes
  10 komodo dragons
  Psyche (D:9)
  2 trolls (D:12)
  2 hornets
  4 polar bears
  3 meliai (D:12)
  3 slime creatures (D:13)
  10 blink frogs
  2 wraiths
  3 shadows
  2 vampires
  56 yaks
  A fire bat (Lair:1)
  5 basilisks
  A hog (D:11)
  18 wyverns
  4 steam dragons
  3 wargs (D:12)
  2 swamp worms (Lair:2)
  35 water moccasins
  3 sky beasts
  3 orc warriors
  An ice beast (D:5)
  2 black bears
  2 centaurs
  An ogre (D:5)
  18 wolves
  11 bullfrogs
  A scorpion (D:7)
  A gnoll sergeant (D:8)
  5 necrophages
  4 wights
  7 killer bees
  8 howler monkeys
  An electric eel (Lair:2)
  A centaur zombie (D:4)
  A bullfrog zombie (D:4)
  3 hounds
  A human zombie (D:4)
  3 jellies
  8 orc priests
  A gnoll bouda (D:6)
  6 iguanas
  Ijyb (D:5)
  10 orc wizards
  A scorpion zombie (D:4)
  5 wolf simulacra (Lair:2)
  2 yak simulacra (Lair:2)
  2 hound zombies (D:4)
  9 adders
  8 gnolls
  A shadow imp (D:7)
  9 white imps (Lair:4)
  An ufetubus (D:5)
  2 adder zombies (D:4)
  A worm (D:2)
  3 dart slugs
  37 orcs
  6 ball pythons
  7 endoplasms
  2 giant cockroaches
  8 hobgoblins
  8 kobolds
  5 quokkas
  10 bats
  4 frilled lizards
  2 goblins (D:2)
  3 rats
  4 river rat simulacra (Lair:2)
476 creatures vanquished.

Vanquished Creatures (collateral kills)
  2 hydras
  A two-headed ogre (D:10)
  A deep elf pyromancer (D:10)
  2 wolf spiders (Lair:5)
  A cyclops (D:8)
  A guardian serpent (Lair:5)
  3 cane toads
  2 gargoyles (D:12)
  2 black mambas
  A komodo dragon (D:12)
  A tengu conjurer (D:13)
  A polar bear (Lair:1)
  A hornet (Lair:5)
  A wyvern (Lair:5)
  A fire bat (D:11)
  12 yaks
  A basilisk (Lair:1)
  A water moccasin (Lair:1)
  2 orc warriors (D:8)
  A wolf (Lair:1)
  An ogre (Lair:1)
  A centaur (D:8)
  A kobold brigand (D:8)
  A gnoll sergeant (D:8)
  2 wights (D:10)
  6 killer bees
  2 howler monkeys (D:8)
  An orc priest (D:13)
  An iguana (D:6)
  An orc wizard (D:13)
  5 gnolls
  An orc (D:13)
61 creatures vanquished.

Vanquished Creatures (others)
  An unseen horror (D:8)
  2 water moccasins
  A killer bee (D:8)
  3 white imps (Lair:4)
  49 fungi
  54 plants
  3 withered plants (Lair:5)
113 creatures vanquished.

Grand Total: 650 creatures vanquished

Notes
Turn   | Place    | Note
-------+----------+-------------------------------------------
     0 | D:1      | tkbsonic5 the Demonspawn Wanderer began the quest for the
                  | Orb.
     0 | D:1      | tkbsonic5 set off with the following items: a +2 spear, a
                  | +0 helmet, a potion of brilliance, a +0 leather armour; and
                  | the following spell memorised: Freeze; and the following
                  | spells available to memorise: Ozocubu's Armour.
     0 | D:1      | Reached XP level 1. HP: 15/15 MP: 2/2
   202 | D:1      | Gained mutation: You regenerate magic rapidly. [demonic
                  | ancestry]
   202 | D:1      | Reached XP level 2. HP: 15/21 MP: 3/3
   393 | D:1      | Found a faded altar of an unknown god.
   397 | D:1      | Prayed at the altar of an unknown god.
   397 | D:1      | Became a worshipper of Makhleb the Destroyer
   397 | D:1      | Reached * piety under Makhleb
  1059 | D:2      | Gained mutation: When hurt, damage is shared between your
                  | health and your magic reserves. [demonic ancestry]
  1059 | D:2      | Reached XP level 3. HP: 18/27 MP: 4/4
  1401 | D:2      | Reached ** piety under Makhleb
  2069 | D:3      | Reached XP level 4. HP: 34/34 MP: 5/5
  2744 | D:3      | Identified the +0 pair of gloves of Stoicism {rElec Str+2}
  3234 | D:4      | Found a staircase to the Ecumenical Temple.
  3357 | D:4      | Reached skill level 1 in Invocations
  3357 | D:4      | Gained mutation: You are partially covered in icy blue
                  | scales. (AC +2) [demonic ancestry]
  3357 | D:4      | Reached XP level 5. HP: 12/41 MP: 2/6
  3758 | D:4      | Reached skill level 5 in Polearms
  3820 | D:4      | Reached XP level 6. HP: 47/48 MP: 7/7
  3890 | D:4      | Found a basalt altar of Yredelemnul.
  3993 | D:5      | Entered Level 5 of the Dungeon
  4002 | D:5      | Reached skill level 1 in Dodging
  4120 | D:5      | Reached XP level 7. HP: 47/55 MP: 5/8
  4245 | D:5      | Reached skill level 5 in Fighting
  4457 | D:5      | Reached skill level 2 in Invocations
  4482 | D:5      | Noticed Ijyb
  4523 | D:5      | Killed Ijyb
  4523 | D:5      | Reached *** piety under Makhleb
  4864 | D:5      | Noticed a smoke demon
  5359 | D:6      | Gained mutation: When low on magic, you restore magic in
                  | place of health. [demonic ancestry]
  5359 | D:6      | Reached XP level 8. HP: 55/64 MP: 7/9
  5393 | D:6      | Reached skill level 3 in Invocations
  5820 | D:6      | Found Ewekeg's Distillery.
  5823 | D:6      | Bought a potion of berserk rage for 55 gold pieces
  5823 | D:6      | Bought a potion of curing for 33 gold pieces
  5823 | D:6      | Bought a potion of haste for 110 gold pieces
  6083 | D:6      | Reached skill level 1 in Evocations
  6091 | D:6      | Reached skill level 4 in Invocations
  6101 | D:6      | Reached skill level 1 in Throwing
  7130 | D:7      | Noticed Maggie
  7140 | D:7      | Killed Maggie
  7141 | D:7      | Reached skill level 5 in Invocations
  7141 | D:7      | Gained mutation: You are mostly covered in icy blue scales.
                  | (AC +3) [demonic ancestry]
  7141 | D:7      | Reached XP level 9. HP: 72/72 MP: 11/13
  7970 | D:8      | Reached skill level 6 in Invocations
  8184 | D:8      | Noticed Joseph
  8192 | D:8      | Noticed Joseph
  8192 | D:8      | Joseph changed into Joseph the centaur
  8193 | D:8      | Killed Joseph the centaur
  8267 | D:8      | Noticed a cyclops
  8274 | D:8      | Killed a cyclops
  8287 | D:8      | Reached skill level 1 in Armour
  8295 | D:8      | Reached skill level 7 in Invocations
  8317 | D:8      | Noticed Maurice
  8333 | D:8      | Killed Maurice
  8334 | D:8      | Gained mutation: You are completely covered in icy blue
                  | scales. (AC +4, rC+) [demonic ancestry]
  8334 | D:8      | Reached XP level 10. HP: 52/80 MP: 12/15
  8677 | D:8      | Noticed a two-headed ogre
  8719 | D:8      | Killed a two-headed ogre
  9189 | D:8      | Noticed a manticore
  9193 | D:8      | Noticed a swamp dragon
  9193 | D:8      | a manticore changed into a swamp dragon
  9220 | D:8      | Killed a swamp dragon
  9221 | D:8      | Reached skill level 8 in Invocations
  9390 | D:8      | Identified the +4 shortbow of Vuttuus {venom, rN+}
  9565 | D:8      | Noticed a centaur warrior
  9586 | D:8      | Killed a centaur warrior
  9977 | D:8      | Found an ancient bone altar of Kikubaaqudgha.
 10106 | D:9      | Noticed a sixfirhy
 10109 | D:9      | Found a runed translucent door.
 10143 | D:9      | Noticed Psyche
 10147 | D:9      | Killed Psyche
 10148 | D:9      | Reached skill level 5 in Evocations
 10254 | D:9      | Found a shimmering altar of Xom.
 10497 | D:9      | Gained mutation: You may rarely emit foul miasma when
                  | damaged in melee. [demonic ancestry]
 10497 | D:9      | Reached XP level 11. HP: 68/87 MP: 14/17
 10860 | D:9      | Reached skill level 9 in Invocations
 10888 | D:9      | You are sucked into a shaft and drop 1 floor!
 10888 | D:10     | Entered Level 10 of the Dungeon
 10894 | D:10     | Noticed a deep elf pyromancer
 10895 | D:10     | Noticed a wizard
 10899 | D:10     | Noticed a deep elf pyromancer
 10905 | D:10     | Killed a wizard
 10906 | D:10     | Reached skill level 5 in Dodging
 10908 | D:10     | Killed a deep elf pyromancer
 10914 | D:10     | Killed a deep elf pyromancer
 10955 | D:10     | Got the Tome of Sand
 10964 | D:10     | Got the Tome of Combed Thunderclap
 11004 | D:10     | Found a sparkling altar of Nemelex Xobeh.
 11181 | D:10     | Found an ornate altar of the Wu Jian Council.
 11352 | D:10     | Noticed a deep elf zephyrmancer
 11363 | D:10     | Killed a deep elf zephyrmancer
 11429 | D:10     | Got Byizasmu's Spellbook of Dhcmrlchtdj
 11592 | D:10     | Noticed a two-headed ogre
 11607 | D:10     | Killed a two-headed ogre
 11608 | D:10     | Reached skill level 10 in Invocations
 11784 | D:10     | Found a burning altar of Makhleb.
 12104 | D:11     | Found Zin's Purification Station.
 12112 | D:11     | Bought a potion of curing for 90 gold pieces
 12384 | D:11     | Found a staircase to the Lair.
 12462 | D:11     | Reached skill level 10 in Fighting
 12537 | D:11     | Reached XP level 12. HP: 35/97 MP: 17/20
 13018 | D:11     | Noticed Fannar
 13041 | D:11     | Killed Fannar
 13283 | Lair:1   | Entered Level 1 of the Lair of Beasts
 13370 | Lair:1   | Found a runed translucent gate.
 13370 | Lair:1   | Found a runed translucent gate.
 13371 | Lair:1   | Found a runed translucent gate.
 13371 | Lair:1   | Noticed Ifawnoum's ghost (journeyman MiFi)
 13372 | Lair:1   | Noticed a ten-headed hydra
 13404 | Lair:1   | Reached skill level 10 in Polearms
 13404 | Lair:1   | Reached skill level 11 in Invocations
 13627 | Lair:1   | Found a gate leading to a gauntlet.
 14084 | Lair:1   | Found a hazy altar of Hepliaklqana.
 15998 | Lair:1   | Killed an eight-headed hydra
 15999 | Lair:1   | Reached skill level 1 in Long Blades
 15999 | Lair:1   | Reached skill level 1 in Axes
 16574 | Lair:1   | Identified the ring "Karpho Vati" {Ice Will+ Str+3 Int+4
                  | Dex+2}
 16581 | Lair:1   | Gained mutation: You are dopey. (Int -2) [potion of
                  | mutation]
 16581 | Lair:1   | Gained mutation: You sometimes lose your temper in combat.
                  | [potion of mutation]
 16581 | Lair:1   | Gained mutation: You are strong-willed. (Will+) [potion of
                  | mutation]
 16608 | Lair:2   | Found a stormy altar of Qazlal.
 16768 | Lair:2   | Found a dark tunnel.
 16875 | Lair:2   | Reached skill level 1 in Shields
 18527 | Lair:2   | Found a staircase to the Snake Pit.
 19125 | Lair:2   | Noticed an eight-headed hydra
 19132 | Lair:2   | Killed an eight-headed hydra
 19287 | Lair:2   | Gained mutation: You have a small tail. [demonic ancestry]
 19287 | Lair:2   | Reached XP level 13. HP: 102/102 MP: 14/21
 19953 | Lair:2   | Found a staircase to the Swamp.
 20506 | Lair:4   | Reached **** piety under Makhleb
 21133 | Lair:5   | Entered Level 5 of the Lair of Beasts
 21133 | Lair:5   | Found a runed translucent door.
 21133 | Lair:5   | Found a staircase to the Slime Pits.
 21474 | Lair:5   | Reached skill level 5 in Armour
 21486 | Lair:5   | Reached skill level 12 in Invocations
 21875 | Lair:5   | Reached ***** piety under Makhleb
 22066 | Lair:5   | Paralysed by a hornet for 3 turns
 22457 | Lair:5   | Reached XP level 14. HP: 110/113 MP: 23/23
 22481 | Lair:5   | Reached skill level 5 in Throwing
 22627 | Lair:5   | Paralysed by a hornet for 3 turns
 23066 | Lair:5   | Found a runed translucent gate.
 23066 | Lair:5   | Found a runed translucent gate.
 23066 | Lair:5   | Found a runed translucent gate.
 23067 | Lair:5   | Noticed tkbsonic5's ghost (journeyman HOBe)
 23067 | Lair:5   | Noticed Qeimiotua's ghost (journeyman MiFi)
 23067 | Lair:5   | Noticed Kelyas's ghost (journeyman DsCj)
 23717 | Lair:3   | Reached skill level 13 in Invocations
 24170 | Lair:3   | Reached skill level 5 in Shields
 25496 | D:12     | Noticed Snorg
 25504 | D:12     | Killed Snorg
 25860 | D:12     | Found a staircase to the Orcish Mines.
 27399 | D:13     | Identified the +1 ring mail of Narcissism {Rampage Will-
                  | Str-5 SInv}
 27432 | D:13     | Reached skill level 14 in Invocations
 27486 | D:13     | Found a runed translucent gate.
 27590 | D:13     | Noticed an azure jelly
 27590 | D:13     | a death yak changed into an azure jelly
 27595 | D:13     | Killed an azure jelly
 27690 | D:13     | HP: 3/116 [skeletal warrior/+0 mace of protection (9)]
 27691 | D:13     | Mangled by a skeletal warrior

Illustrated notes

Levels and vault maps discovered:
D:1:      minmay_arrival_four_loops, layout_basic,
          nicolae_ecumenical_lake_church, minmay_misc_feat_secret_circle
D:2:      layout_basic
D:3:      layout_loops_ring, item_on_display_a
D:4:      layout_basic, lemuel_mausoleum_altar_yredelemnul,
          minmay_temple_entry_antechambers, minmay_misc_feat_cross
D:5:      layout_loops_cross, uniq_ijyb
D:6:      nicolae_BIG_FREAKIN_CUBE, layout_gridville, serial_shops, shop
D:7:      layout_gridville, uniq_maggie
D:8:      layout_rooms, lemuel_doored_altar, chequers_serial_rivers_micro_c,
          chequers_serial_rivers_large_b, nzn_random_ring, uniq_maurice,
          uniq_joseph
D:9:      cheibrodos_shockbox, layout_loops_corners, mainiacjoe_overflow_swirl,
          hangedman_decor_clover_reticule, uniq_erolcha, uniq_psyche, uniq_pikel
D:10:     layout_gridville, nzn_wu_jian_council_hall,
          mainiacjoe_overflow_alcove_2, nemelex_spade_bored_becter,
          bh_hangedman_babel_library
D:11:     layout_small_grid, lair_entry_dummy, serial_glass, glass_columns_a,
          glass_columns_b, zin_purify, uniq_fannar
D:12:     layout_basic, minmay_orc_entry_guard_dogs, uniq_snorg
D:13:     layout_cave_pools, david_vaults_2, special_room [special_room_bee],
          gammafunk_ghost_spectres
Lair:1:   layout_gridlike, basic_altar, gammafunk_ghost_hydra_chop,
          gauntlet_entry_generic
Lair:2:   layout_regular_city, nicolae_swamp_entry_splash_gauntlet,
          minmay_snake_entry_six_corridors, basic_altar,
          lightli_volcano_entry_magma_tube, dreamdust_deal_with_the_devil,
          eino_house_with_fridge
Lair:3:   dpeg_oklob_shooting_range, layout_small_grid
Lair:4:   layout_cave_shapes, portal_ice_cave_entry_imps, beast_lair_carwin_8
Lair:5:   hangedman_lair_tendril_chambers, layout_big_grid, slime_entry_2,
          gammafunk_ghost_cemetery

Skill      XL: |  1  2  3  4  5  6  7  8  9 10 11 12 13 14 |
---------------+-------------------------------------------+-----
Fighting       | 2 3 4 5 7 8 10 11 12 | 12.5
Polearms       | 4 5 6 7 8 9 11 12 | 12.8
Invocations    | 1 2 5 7 8 10 11 12 14 | 14.0
Dodging        | 1 2 3 4 5 |  5.5
Evocations     | 2 3 5 7 |  7.3
Throwing       | 1 2 3 4 5 |  5.0
Armour         | 1 2 3 4 6 7 |  7.6
Long Blades    | 1 |  1.1
Axes           | 3 4 |  4.5
Shields        | 1 4 6 |  6.2
Staves         | |  0.1
Stealth        | |  2.8
Spellcasting   | |  1.1
Ice Magic      | |  1.1

Action                   |  1- 3 |  4- 6 |  7- 9 | 10-12 | 13-15 || total
-------------------------+-------+-------+-------+-------+-------++-------
Melee: Spear             |   135 |   203 |   389 |   729 |   940 ||  2396
       Punch             |     1 |     1 |    10 |     8 |       ||    20
       Broad axe         |       |       |       |   126 |    83 ||   209
       Hand axe          |       |       |       |    13 |       ||    13
       War axe           |       |       |       |    10 |       ||    10
       Battleaxe         |       |       |       |     4 |       ||     4
       Quarterstaff      |       |       |       |     1 |       ||     1
       Tailslap          |       |       |       |       |   218 ||   218
Throw: Dart              |       |       |    28 |    35 |    49 ||   112
       Throwing net      |       |       |       |     1 |       ||     1
       Boomerang         |       |       |       |     2 |       ||     2
 Cast: Freeze            |     1 |       |       |       |       ||     1
Invok: Minor Destruction |       |    15 |    11 |     7 |    33 ||    66
       Lesser Servant of |       |       |     9 |    33 |     1 ||    43
       Greater Servant o |       |       |       |       |     3 ||     3
       Major Destruction |       |       |       |       |    23 ||    23
Evoke: Wand              |       |       |    15 |    74 |    37 ||   126
  Use: Scroll            |       |     9 |     9 |    15 |     9 ||    42
       Potion            |       |     3 |     9 |    18 |     2 ||    32
 Stab: Sleeping          |     6 |     6 |     2 |       |       ||    14
       Distracted        |     1 |       |     2 |     2 |     4 ||     9
       Invisible         |       |       |       |    17 |     1 ||    18
Armor: Leather armour    |     5 |       |     2 |    60 |       ||    67
       Ring mail         |    36 |    57 |   146 |       |       ||   239
       Plate armour      |       |       |       |   236 |       ||   236
       Crystal plate arm |       |       |       |   243 |   501 ||   744
Dodge: Dodged            |    48 |    71 |   176 |   243 |   155 ||   693
       Repelled          |       |       |       |       |     4 ||     4
Block: Kite shield       |       |       |       |   114 |   276 ||   390
       Buckler           |       |       |       |       |     8 ||     8
